[Event "Elitserien Allsvenskan 2018-19"]
[Site "Sweden"]
[Date "2019.03.30"]
[Round "8.8"]
[White "Mardell, Jonas"]
[Black "Dragicevic, Drazen"]
[Result "0-1"]
[ECO "B22"]
[WhiteElo "2024"]
[BlackElo "2334"]
[Annotator "NA"]
[PlyCount "113"]
[EventDate "2018.11.09"]
[EventType "team-tourn"]
[EventCountry "SWE"]
[SourceTitle "playchess.com"]
[Source "ChessBase"]
[SourceQuality "1"]
[TimeControl "40/5400+30:1800+30"]

1. e4 c5 2. c3 d5 3. exd5 Qxd5 4. d4 Nf6 5. Nf3 e6 6. Be3 cxd4 7. cxd4 Nc6 8. Nc3 Qd6 9. a3 Be7 10. Bc4 O-O {[%emt 0:01:36] B22: Sicilian: 2 c3} 11. Qd3 $146 ({Predecessor:} 11. O-O Nd5 12. Rc1 Nxc3 13. Rxc3 h6 14. Qd2 Bf6 15. Rd3 Ne7 16. Bf4 Qd8 17. Ne5 g5 18. Bg3 Nf5 19. f4 {1-0 (32) Shkuran,D (2368)-Tanriverdi,E (2281) Lvov 2018}) 11... a6 12. b4 Rd8 13. Rd1 b5 14. Ba2 Bb7 15. Bg5 Nxd4 16. Nxd4 e5 17. O-O exd4 18. Ne2 Nh5 19. Qf5 Nf6 20. Rxd4 Qc6 21. Rxd8+ Rxd8 22. Nf4 h6 23. Bxh6 Qe4 24. Qg5 Ne8 25. Qg3 Rd2 26. Bb1 Qe5 27. Ng6 Qxg3 28. Nxe7+ Kf8 29. hxg3 gxh6 30. Nf5 h5 31. Re1 Rb2 32. Be4 Bxe4 33. Rxe4 Nf6 34. Re1 Ra2 35. Rc1 Kg8 36. f3 Rxa3 37. Rc6 Nd5 38. Rh6 Nxb4 39. Rxh5 Nd3 40. Ne7+ Kg7 41. Nf5+ $2 (41. Kf1 $1 $15) 41... Kg8 $2 (41... Kg6 $19 42. g4 b4) 42. Rg5+ Kf8 43. Rh5 Ke8 44. Rh8+ Kd7 45. Ra8 b4 46. Nd4 Kd6 47. Kf1 Kd5 48. Nc2 Ra2 49. Rd8+ Kc4 50. Ne3+ Kc3 51. Rc8+ Kd4 52. Nf5+ ({Avoid the trap} 52. Rc4+ $2 Kxe3 53. Re4+ Kd2 $19) 52... Ke5 53. Ne3 b3 54. f4+ $19 (54. Rd8 {was called for.} Ra1+ 55. Ke2) 54... Kd4 55. Nd1 b2 56. Nxb2 Rxb2 57. Rc7 {Ke5} 0-1

[Event "Elitserien Allsvenskan 2018-19"]
[Site "Sweden"]
[Date "2019.03.31"]
[Round "9.1"]
[White "Akesson, Ralf"]
[Black "Eriksson, Jorgen"]
[Result "1-0"]
[ECO "A30"]
[WhiteElo "2343"]
[BlackElo "2206"]
[Annotator "NA"]
[PlyCount "101"]
[EventDate "2018.11.09"]
[EventType "team-tourn"]
[EventCountry "SWE"]
[SourceTitle "playchess.com"]
[Source "ChessBase"]
[SourceQuality "1"]
[TimeControl "40/5400+30:1800+30"]

1. c4 c5 2. Nf3 Nc6 3. d4 cxd4 4. Nxd4 Nf6 5. Nc3 g6 6. e4 Bg7 7. Be3 O-O {[%emt 0:01:42] LiveBook: 2467 Games} 8. Be2 d6 9. O-O Nxd4 10. Bxd4 Nd7 {[%emt 0:01:01] B38: Sicilian: Maroczy Bind with 5...Bg7 and 7...0-0} (10... Bd7 11. Qd3 Bc6 12. b4 a6 13. Qe3 Qb8 14. f4 b5 15. e5 Ne8 16. c5 dxe5 17. Bxe5 Qb7 18. Bf3 Bxf3 19. Qxf3 Qxf3 20. gxf3 {0-1 (37) Eljanov,P (2703)-Flores,D (2621) Batumi 2018}) 11. Rc1 Bxd4 12. Qxd4 Ne5 13. f4 $146 ({Predecessor:} 13. Rfd1 b6 14. Nd5 Bb7 15. Rc3 f5 16. exf5 Rxf5 17. Rh3 Rf7 18. Qh4 {½-½ (40) Franciskovic,B (2309)-Turk,T (1958) Bol 2015}) 13... Nc6 14. Qd2 Qb6+ 15. Kh1 Qd4 16. Qe1 Be6 17. Rd1 Qc5 18. Nd5 Bxd5 19. exd5 Nd4 20. Bd3 e6 21. b4 Qb6 22. Bb1 Rac8 23. dxe6 fxe6 24. a3 Rce8 25. Qe3 e5 26. fxe5 Rxf1+ 27. Rxf1 Rxe5 28. Be4 Nf5 29. Qxb6 axb6 30. Bxb7 Re3 31. Ra1 Nd4 32. h3 Nc2 33. Rd1 Rxa3 34. Rxd6 Nxb4 35. Rxb6 Nd3 36. Kh2 Kg7 37. Rd6 Rc3 38. Bd5 Ne5 39. Re6 Nd3 40. Re3 Kf6 41. Be4 Rxc4 42. Bxd3 Rc7 43. Kg3 Ra7 44. h4 Ra5 45. Rf3+ Kg7 46. Rf4 Ra7 47. Rb4 Kh6 48. Be4 Re7 49. Bf3 Re5 50. Rb7 $18 g5 51. h5 1-0

[Event "Elitserien Allsvenskan 2018-19"]
[Site "Sweden"]
[Date "2019.03.31"]
[Round "9.3"]
[White "Pantzar, Milton"]
[Black "Larsson, Johan"]
[Result "1-0"]
[ECO "D32"]
[WhiteElo "2361"]
[BlackElo "2189"]
[Annotator "NA"]
[PlyCount "87"]
[EventDate "2018.11.09"]
[EventType "team-tourn"]
[EventCountry "SWE"]
[SourceTitle "playchess.com"]
[Source "ChessBase"]
[SourceQuality "1"]
[TimeControl "40/5400+30:1800+30"]

1. d4 d5 2. c4 e6 3. Nc3 c5 4. cxd5 exd5 5. Nf3 Nc6 6. dxc5 d4 7. Na4 Bxc5 {[%emt 0:01:26] D32: Tarrasch Defence: Sidelines and lines without g3} 8. Nxc5 Qa5+ 9. Qd2 (9. Bd2 Qxc5 10. Rc1 Qe7 11. e3 Nf6 12. Be2 O-O 13. O-O Rd8 14. Nxd4 Nxd4 15. exd4 Rxd4 {½-½ (71) Jakovenko,D (2749)-Mamedov,R (2708) Ankara 2018}) 9... Qxc5 10. a3 Nge7 11. b4 Qb6 12. Bb2 O-O 13. Bxd4 Nxd4 14. Qxd4 Nc6 15. Qb2 a5 $146 16. b5 a4 17. e3 Na5 18. Rd1 Nb3 19. Bc4 Qa5+ 20. Nd2 Rd8 21. Bxb3 axb3 22. O-O Be6 23. Nxb3 Qxb5 24. Rb1 Qg5 25. Rfe1 Bh3 26. f4 Qg6 27. Nd4 b6 28. Nf3 f6 29. Qf2 Bg4 30. Nd4 Rxa3 31. Rxb6 Qe4 32. h3 Bh5 33. Re6 Qd5 34. Re7 Qc5 35. Rxg7+ Kh8 36. Qg3 Qd5 37. Kh2 Bg6 38. Re7 Rg8 39. Qh4 Ra6 40. Rg1 Be4 41. Ne2 Qd3 $2 (41... Bc2 42. Nd4 Bd3) 42. Ng3 Ba8 43. f5 Rg7 44. Qh6 1-0

[Event "Elitserien Allsvenskan 2018-19"]
[Site "Sweden"]
[Date "2019.03.31"]
[Round "9.3"]
[White "Ernst, Thomas"]
[Black "Laveryd, Peter"]
[Result "1-0"]
[ECO "B04"]
[WhiteElo "2330"]
[BlackElo "2375"]
[Annotator "NA"]
[PlyCount "115"]
[EventDate "2018.11.09"]
[EventType "team-tourn"]
[EventCountry "SWE"]
[SourceTitle "playchess.com"]
[Source "ChessBase"]
[SourceQuality "1"]
[TimeControl "40/5400+30:1800+30"]

1. e4 Nf6 2. e5 Nd5 3. d4 d6 4. Nf3 dxe5 5. Nxe5 c6 6. Bc4 g6 7. O-O Bg7 8. Re1 O-O 9. Bb3 Bf5 {[%emt 0:11:16] B04: Alekhine's Defence: 4 Nf3} 10. Nd2 Nd7 11. Nef3 $146 ({Predecessor:} 11. Ndf3 Nxe5 12. Nxe5 a5 13. a4 Qc7 14. c3 Rad8 15. Qf3 Qc8 16. h3 Be6 17. Bd2 {1-0 (56) Shirov,A (2718)-Agdestein,S (2591) Bergen 2001}) 11... a5 12. a4 N7f6 13. Nc4 Qc7 14. Nce5 Rad8 15. Qe2 c5 16. h3 Bc8 (16... cxd4 $14 17. Nxd4 Ne4) 17. Bd2 b6 18. c3 e6 19. Rac1 Bb7 20. Bg5 h6 21. Bd2 Rfe8 22. Bc2 Nh7 23. Bd3 Nf8 24. Bb5 Re7 25. b4 Rc8 26. bxc5 bxc5 27. c4 Nb4 28. Bf4 g5 29. Bg3 Qb6 30. dxc5 Qxc5 31. Rcd1 Qa7 32. h4 f6 33. Ng4 e5 34. hxg5 hxg5 35. Ne3 Nc6 36. Nf5 Rd7 37. Rxd7 Nxd7 38. Bxc6 Rxc6 39. Ne7+ Kf7 40. Nxc6 Bxc6 41. Qc2 e4 42. Rxe4 Bxe4 43. Qxe4 Qc5 44. Nd2 Nb6 45. Qd3 Qc6 46. Ne4 Bf8 47. Qf3 Kg6 48. Bd6 f5 49. Bxf8 Qxe4 50. Qc3 Kf7 51. Bh6 Nxc4 52. Bxg5 Ne5 53. f3 $18 Qb1+ 54. Kh2 Qb8 55. Bf4 Qh8+ 56. Kg1 Nxf3+ 57. Qxf3 Qa1+ 58. Kh2 1-0

[Event "Elitserien Allsvenskan 2018-19"]
[Site "Sweden"]
[Date "2019.03.31"]
[Round "9.4"]
[White "Drugge, Patrik"]
[Black "Livner, Anders"]
[Result "0-1"]
[ECO "B19"]
[WhiteElo "2187"]
[BlackElo "2338"]
[Annotator "NA"]
[PlyCount "73"]
[EventDate "2018.11.09"]
[EventType "team-tourn"]
[EventCountry "SWE"]
[SourceTitle "playchess.com"]
[Source "ChessBase"]
[SourceQuality "1"]
[TimeControl "40/5400+30:1800+30"]

1. e4 c6 2. d4 d5 3. Nc3 dxe4 4. Nxe4 Bf5 5. Ng3 Bg6 6. Nf3 Nd7 7. h4 h6 8. h5 Bh7 9. Bd3 Bxd3 10. Qxd3 e6 11. Bf4 Qa5+ {[%emt 0:00:25] B19: Classical Caro-Kann: 4...Bf5 main line} 12. Bd2 Bb4 13. Ne4 (13. c3 Be7 14. c4 Qc7 15. d5 cxd5 16. cxd5 Qd6 17. Qb5 Ngf6 18. dxe6 Qxe6+ 19. Kf1 {1-0 (64) Kokarev,D (2622)-Rozum,I (2586) Khanty-Mansiysk 2017}) 13... Ngf6 14. Nd6+ Ke7 15. Nxb7 Bxd2+ 16. Nxd2 Qb4 17. Qb3 Qxd4 18. Qa3+ c5 19. O-O-O Rhc8 $146 20. Rh3 (20. Na5 $11 {remains equal.}) 20... Rc7 21. Na5 Qxf2 22. Ndc4 Kf8 23. Nd6 Rb8 24. Nac4 Nb6 25. Rf3 $19 (25. Ne5 $17) 25... Nxc4 26. Nxc4 Qxg2 27. Qa5 Rcc8 28. Rdf1 Kg8 29. Kb1 Rd8 30. Qe1 Kh7 31. Ne5 Rd2 32. Rg1 Qe2 33. Qxe2 Rxe2 34. Nxf7 Nxh5 35. Rh1 Rf8 36. b3 Nf6 37. Nd6 0-1

[Event "Elitserien Allsvenskan 2018-19"]
[Site "Sweden"]
[Date "2019.03.31"]
[Round "9.5"]
[White "Ertan, Can"]
[Black "Gajic, Mladen"]
[Result "0-1"]
[ECO "B06"]
[WhiteElo "2404"]
[BlackElo "2322"]
[Annotator "ChessBase"]
[PlyCount "124"]
[EventDate "2018.11.09"]
[EventType "team-tourn"]
[EventCountry "SWE"]
[SourceTitle "playchess.com"]
[Source "ChessBase"]
[SourceQuality "1"]
[TimeControl "40/5400+30:1800+30"]

1. e4 g6 2. d4 Bg7 3. Nc3 d6 4. Bg5 a6 5. f4 b5 6. Nf3 Bb7 7. a3 Nd7 8. e5 c5 9. Bd3 cxd4 10. Ne4 Qb6 11. exd6 f5 12. Ng3 Qxd6 13. Ne2 Nc5 14. O-O Rd8 15. Bh4 Nh6 16. h3 O-O 17. Bf2 Nf7 18. Nexd4 Qxf4 19. Qe2 Nxd3 20. Be3 Qe4 21. cxd3 Qd5 22. Rad1 e5 23. Nc2 e4 24. Nfd4 exd3 25. Rxd3 Rfe8 26. Rd2 Qe4 27. Qf2 Ba8 28. Re1 Qb7 29. Bf4 Rxe1+ 30. Qxe1 g5 31. Nf3 Rxd2 32. Qe8+ Bf8 33. Bxd2 Qe4 34. Qxf7+ Kxf7 35. Nxg5+ Kg6 36. Nxe4 Bxe4 37. Nd4 Bc5 38. Be3 f4 39. Bf2 Kf6 40. Nb3 Bxf2+ 41. Kxf2 Ke5 42. Nc5 a5 43. g3 fxg3+ 44. Kxg3 Bd5 45. Nd7+ Kd4 46. Nf6 Be4 47. Kf4 Bc2 48. Ne8 a4 49. h4 Bd1 50. Nd6 Be2 51. h5 Kd5 52. Ne4 Bxh5 53. Nf6+ Kc4 54. Nxh5 Kb3 55. Nf6 Kxb2 56. Nxh7 Kxa3 57. Nf6 Kb2 58. Ne4 a3 59. Nd6 b4 60. Nc4+ Kc3 61. Ne3 a2 62. Nd5+ Kb3 0-1

[Event "Elitserien Allsvenskan 2018-19"]
[Site "Sweden"]
[Date "2019.03.31"]
[Round "9.5"]
[White "Ong, Kezli"]
[Black "Schutz, Ingemar"]
[Result "1-0"]
[ECO "B51"]
[WhiteElo "2330"]
[BlackElo "2195"]
[Annotator "NA"]
[PlyCount "94"]
[EventDate "2018.11.09"]
[EventType "team-tourn"]
[EventCountry "SWE"]
[SourceTitle "playchess.com"]
[Source "ChessBase"]
[SourceQuality "1"]
[TimeControl "40/5400+30:1800+30"]

1. e4 c5 2. Nf3 d6 3. Bb5+ Nc6 4. O-O Bd7 5. Re1 a6 6. Bf1 Nf6 7. c3 Bg4 8. h3 Bh5 9. g4 {[%emt 0:10:07] B51: Sicilian: Moscow Variation (3 Bb5+) without 3...Bd7} (9. d4 Bxf3 10. gxf3 e5 11. d5 Ne7 12. f4 Ng6 13. f5 Ne7 14. Bg5 Neg8 15. b4 cxb4 16. cxb4 g6 {0-1 (33) Demchenko,A (2660)-Korobov,A (2652) Riadh 2017}) 9... Bg6 10. d4 e5 ({But not} 10... Nxe4 $6 11. d5 $16) 11. dxe5 dxe5 12. Qc2 Be7 13. a4 $146 ({Predecessor:} 13. Nbd2 O-O 14. Nc4 Qc7 15. Bg5 Nd5 16. Bxe7 Qxe7 {1-0 (50) Goh,W (2424)-Nguyen,H (2464) Tagaytay City 2011}) 13... h5 14. g5 Nh7 15. Rd1 Qc7 16. Na3 Rd8 17. Be3 Rxd1 18. Rxd1 h4 19. Nxh4 Bh5 20. Rd5 Nxg5 21. Bxg5 Bxg5 22. Nf5 Ne7 23. Nxe7 Qxe7 24. Nc4 Bf4 25. Nd6+ Kf8 26. Qd3 g6 27. Nxf7 Qxf7 28. Rd8+ Kg7 29. Rd7 Rf8 30. Rxf7+ Rxf7 31. Qd6 Kh6 32. Bc4 Rg7 33. Qxc5 Bf3 34. Qd5 g5 35. Kf1 g4 36. Be2 Bxe2+ 37. Kxe2 g3 38. fxg3 Rxg3 39. Qxb7 Rxh3 40. Qxa6+ Kg5 41. Qb7 Bc1 42. Kd1 Be3 43. a5 Rh2 44. a6 Kf4 $18 45. a7 Kf3 46. a8=Q Rd2+ 47. Kc1 Kf4 1-0

[Event "Elitserien Allsvenskan 2018-19"]
[Site "Sweden"]
[Date "2019.03.31"]
[Round "9.5"]
[White "Bergstrom, Peter"]
[Black "Lindgren, Mats"]
[Result "1-0"]
[ECO "C15"]
[WhiteElo "2299"]
[BlackElo "2159"]
[Annotator "NA"]
[PlyCount "87"]
[EventDate "2018.11.09"]
[EventType "team-tourn"]
[EventCountry "SWE"]
[SourceTitle "playchess.com"]
[Source "ChessBase"]
[SourceQuality "1"]
[TimeControl "40/5400+30:1800+30"]

1. e4 e6 2. d4 d5 3. Nc3 Bb4 4. Nge2 dxe4 5. a3 Bxc3+ 6. Nxc3 Bd7 {[%emt 0:00:33] C15: French: 3 Nc3 Bb4: Unusual White 4th moves} 7. Qg4 Nf6 8. Qxg7 Rg8 9. Qh6 Bc6 10. Be3 $146 ({Predecessor:} 10. Qh4 Rg6 11. Be3 Nbd7 12. O-O-O Qe7 13. h3 O-O-O 14. g4 {½-½ (41) Berg,E (2523)-Lindgren,M (2220) Umea 2003}) 10... Nbd7 11. O-O-O a6 12. h3 Rg6 13. Qh4 Nd5 14. Qxd8+ Rxd8 15. Nxd5 exd5 16. b3 Bb5 17. c4 Bc6 18. g4 b5 19. c5 Nf8 20. Be2 Bd7 21. Rdg1 $16 Ne6 22. h4 Ke7 23. g5 Ng7 24. h5 Rc6 25. Bf4 Nf5 26. Be5 Rg8 27. f3 exf3 28. Bxf3 Be6 29. Kd2 Kd7 30. Be2 Kc8 31. b4 Ne7 32. a4 bxa4 33. b5 axb5 34. Bxb5 Kb7 35. Bf6 Nc8 36. Bxc6+ Kxc6 37. Ra1 h6 38. Rhg1 hxg5 39. Rxg5 Rxg5 40. Bxg5 Na7 41. Rxa4 Nb5 42. Bf6 Bf5 43. Ra5 Be4 44. h6 1-0

[Event "Elitserien Allsvenskan 2018-19"]
[Site "Sweden"]
[Date "2019.03.31"]
[Round "9.6"]
[White "Vernersson, Per"]
[Black "Olund, Joar"]
[Result "1/2-1/2"]
[ECO "E91"]
[WhiteElo "2290"]
[BlackElo "2353"]
[Annotator "ChessBase"]
[PlyCount "58"]
[EventDate "2018.11.09"]
[EventType "team-tourn"]
[EventCountry "SWE"]
[SourceTitle "playchess.com"]
[Source "ChessBase"]
[SourceQuality "1"]
[TimeControl "40/5400+30:1800+30"]

1. d4 Nf6 2. c4 g6 3. Nc3 Bg7 4. e4 d6 5. Be2 O-O 6. Nf3 Bg4 7. Be3 Nfd7 8. Ng1 Bxe2 9. Ngxe2 e5 10. O-O Nc6 11. dxe5 dxe5 12. Qd2 Nb6 13. Qxd8 Rfxd8 14. b3 Nd4 15. Rad1 c6 16. Rd2 Nxe2+ 17. Rxe2 Rd3 18. Rc1 Rad8 19. Kf1 Bf8 20. c5 Nd7 21. Na4 Nb8 22. Nb2 R3d7 23. b4 Na6 24. a3 f6 25. Ree1 Nc7 26. Red1 Kf7 27. Rxd7+ Rxd7 28. Ke2 Ke6 29. Rd1 Rxd1 1/2-1/2

[Event "Elitserien Allsvenskan 2018-19"]
[Site "Sweden"]
[Date "2019.03.31"]
[Round "9.6"]
[White "Johansson, David"]
[Black "Norberg, Johan"]
[Result "0-1"]
[ECO "A11"]
[WhiteElo "2128"]
[BlackElo "2305"]
[Annotator "NA"]
[PlyCount "80"]
[EventDate "2018.11.09"]
[EventType "team-tourn"]
[EventCountry "SWE"]
[SourceTitle "playchess.com"]
[Source "ChessBase"]
[SourceQuality "1"]
[TimeControl "40/5400+30:1800+30"]

1. e4 a6 2. d4 b5 3. Be3 d5 4. a4 b4 5. Nd2 dxe4 6. Nxe4 Nd7 7. Nf3 Ngf6 8. Nxf6+ Nxf6 9. a5 e6 10. Bd3 Be7 11. O-O O-O 12. Ne5 Bb7 13. Re1 Nd5 14. Bd2 c5 15. dxc5 $14 Bxc5 16. Qh5 f5 17. Bc4 Bd4 18. Nd3 Rc8 19. Bb3 Re8 20. Nxb4 Bxb2 21. Rad1 g6 22. Qf3 Qd7 23. Bh6 Qb5 24. Nxd5 Bxd5 25. Bxd5 exd5 26. Rxe8+ Rxe8 27. h3 Re4 28. Qb3 Qxb3 29. cxb3 d4 30. Rd3 Re1+ 31. Kh2 Ra1 32. b4 Bc3 33. Bf4 Kf7 34. Bd6 Ke6 35. Bf8 Kd5 36. g4 Ke4 37. Rg3 f4 38. Rg1 Rxg1 39. Kxg1 d3 40. Kf1 Kf3 0-1

[Event "Elitserien Allsvenskan 2018-19"]
[Site "Sweden"]
[Date "2019.03.31"]
[Round "9.6"]
[White "Bjorkeroth, Johan"]
[Black "Namini, Armin"]
[Result "1-0"]
[ECO "B25"]
[WhiteElo "2118"]
[BlackElo "2210"]
[Annotator "NA"]
[PlyCount "71"]
[EventDate "2018.11.09"]
[EventType "team-tourn"]
[EventCountry "SWE"]
[SourceTitle "playchess.com"]
[Source "ChessBase"]
[SourceQuality "1"]
[TimeControl "40/5400+30:1800+30"]

1. e4 c5 2. Nc3 Nc6 3. g3 g6 4. Bg2 Bg7 5. d3 d6 6. Nge2 e6 7. O-O Nge7 8. Be3 Nd4 9. Qd2 O-O 10. Nd1 d5 11. c3 Nxe2+ 12. Qxe2 d4 13. Bf4 e5 14. Bd2 Rb8 15. c4 Nc6 16. f4 b5 $14 17. cxb5 Rxb5 18. b3 exf4 19. gxf4 Nb4 20. Be1 Re8 21. Bxb4 cxb4 22. Rc1 Ra5 23. Nf2 Qh4 24. Nh1 Ba6 25. Ng3 Bh6 26. Qd2 Qe7 27. Rf2 Rc5 28. Bf1 Rec8 29. Rxc5 Qxc5 30. e5 Qc3 31. Qe2 Qc1 32. Ne4 Bxf4 33. Qf3 Bxe5 34. Qxf7+ Kh8 35. Qe6 Qc7 36. Qxa6 1-0

[Event "Elitserien Allsvenskan 2018-19"]
[Site "Sweden"]
[Date "2019.03.31"]
[Round "9.7"]
[White "Haubro, Martin"]
[Black "Sorensen, Hampus"]
[Result "1-0"]
[ECO "C95"]
[WhiteElo "2358"]
[BlackElo "2319"]
[Annotator "NA"]
[PlyCount "103"]
[EventDate "2018.11.09"]
[EventType "team-tourn"]
[EventCountry "SWE"]
[SourceTitle "playchess.com"]
[Source "ChessBase"]
[SourceQuality "1"]
[TimeControl "40/5400+30:1800+30"]

1. e4 e5 2. Nf3 Nc6 3. Bb5 a6 4. Ba4 Nf6 5. O-O Be7 6. Re1 b5 7. Bb3 d6 8. c3 O-O 9. h3 Nb8 10. d4 Nbd7 11. Nbd2 Bb7 12. Bc2 Re8 13. Nf1 Bf8 14. Ng3 g6 15. a4 c5 16. d5 c4 17. Bg5 Be7 {[%emt 0:10:21] C95: Closed Ruy Lopez: Breyer Variation with 10 d4} 18. Qd2 Nc5 {[%emt 0:01:20] [#]} 19. Re2 $146 ({Predecessor:} 19. Bh6 Nfd7 20. Nh2 bxa4 21. Ng4 Nb3 22. Bxb3 axb3 23. f4 Nf6 24. Ne3 exf4 25. Bxf4 {½-½ (54) Borisek,J (2578)-Amin,B (2686) Batumi 2018}) 19... Qa5 20. Ra3 bxa4 21. Qd1 Qc7 22. Bxa4 Reb8 23. Qd2 Bc8 24. Qe3 Rb6 25. Bd1 Rab8 26. Nd2 Rxb2 27. Nxc4 Rb1 28. Re1 Bd7 29. Nd2 R1b2 30. Nc4 Rb1 31. Nd2 R1b2 32. f4 Bb5 33. c4 Be8 34. Rf1 Ncd7 35. Rxa6 Qb7 36. Ra1 Qb4 37. fxe5 dxe5 38. Kh1 Bc5 39. Qd3 Be7 40. Nf3 Qd6 41. Qc3 R2b4 42. Ba4 Bd8 43. Bb5 Qc5 44. Be3 Qf8 45. Bd2 Be7 46. Nxe5 Nxe5 47. Qxe5 Bxb5 48. Bxb4 Bxb4 49. cxb5 ({Weaker is} 49. Qxf6 Bxc4 50. Rfc1 Qd6 $18) 49... Nd7 50. Qc7 $18 Rd8 51. e5 Nc5 52. e6 1-0

[Event "Elitserien Allsvenskan 2018-19"]
[Site "Sweden"]
[Date "2019.03.31"]
[Round "9.7"]
[White "Lundin, Jan"]
[Black "Arvidsson, Tomas"]
[Result "1-0"]
[ECO "E61"]
[WhiteElo "2318"]
[BlackElo "2028"]
[Annotator "NA"]
[PlyCount "45"]
[EventDate "2018.11.09"]
[EventType "team-tourn"]
[EventCountry "SWE"]
[SourceTitle "playchess.com"]
[Source "ChessBase"]
[SourceQuality "1"]
[TimeControl "40/5400+30:1800+30"]

1. d4 Nf6 2. Nf3 g6 3. c4 Bg7 4. Nc3 d6 5. Bg5 h6 6. Bh4 g5 7. Bg3 Nh5 8. e3 Nd7 9. Be2 Ndf6 10. Qc2 Bg4 11. O-O-O Qd7 12. Ne5 dxe5 13. dxe5 Qc6 14. exf6 Nxf6 {[%emt 0:00:34] [#]} 15. Bxg4 $1 Nxg4 16. Nd5 Ne5 17. Qe4 f5 18. Qxf5 $16 ({White should try} 18. Qd4 $18 Qxc4+ 19. Qxc4 Nxc4 20. Nxc7+ Kf7 21. Nxa8 Bxb2+ 22. Kc2 Rxa8 23. Rb1) 18... Qxc4+ 19. Kb1 Rf8 20. Qe6 Rf7 21. Rd4 Qc6 22. Bxe5 Bxe5 23. Qxe5 1-0

[Event "Elitserien Allsvenskan 2018-19"]
[Site "Sweden"]
[Date "2019.03.31"]
[Round "9.7"]
[White "Thorn, Eric"]
[Black "Thornert, Hakan"]
[Result "1/2-1/2"]
[ECO "D08"]
[WhiteElo "2256"]
[BlackElo "2191"]
[Annotator "NA"]
[PlyCount "33"]
[EventDate "2018.11.09"]
[EventType "team-tourn"]
[EventCountry "SWE"]
[SourceTitle "playchess.com"]
[Source "ChessBase"]
[SourceQuality "1"]
[TimeControl "40/5400+30:1800+30"]

1. d4 d5 2. c4 e5 3. dxe5 d4 4. Nf3 Nc6 5. a3 Be6 6. e3 (6. Nbd2 $16) 6... dxe3 7. Qxd8+ Rxd8 8. Bxe3 Nge7 9. Nc3 {[%emt 0:04:03] LiveBook: 14 Games} Nf5 10. Rd1 Nxe3 11. Rxd8+ Kxd8 12. fxe3 g6 13. Be2 $15 Bg7 14. Rf1 Nxe5 15. Ng5 Ke7 16. Nxe6 fxe6 17. Rf4 1/2-1/2

[Event "Elitserien Allsvenskan 2018-19"]
[Site "Sweden"]
[Date "2019.03.31"]
[Round "9.7"]
[White "Petersson, Baldur Teodor"]
[Black "Mardell, Jonas"]
[Result "1-0"]
[ECO "B50"]
[WhiteElo "2098"]
[BlackElo "2024"]
[Annotator "NA"]
[PlyCount "85"]
[EventDate "2018.11.09"]
[EventType "team-tourn"]
[EventCountry "SWE"]
[SourceTitle "playchess.com"]
[Source "ChessBase"]
[SourceQuality "1"]
[TimeControl "40/5400+30:1800+30"]

1. e4 c5 2. Nf3 d6 3. d3 g6 4. g3 Nf6 5. Bg2 Bg7 6. O-O O-O 7. c3 Nc6 8. Re1 e5 9. a3 h6 10. b4 Be6 11. b5 Na5 12. c4 Qd7 13. Bd2 b6 14. Bxa5 bxa5 15. Qd2 Bh3 16. Qxa5 Bxg2 17. Kxg2 Nh5 18. h3 f5 19. Qd2 f4 20. Qe2 g5 21. Nbd2 g4 22. hxg4 Qxg4 23. Nh2 Qg6 24. Qg4 Qf7 25. Rf1 Rae8 26. Ndf3 Re6 27. Nh4 Rf6 28. Nf5 Kh7 29. Qh4 Rxf5 30. exf5 Qxf5 31. g4 Qxd3 32. Qxh5 f3+ 33. Kh1 Qxc4 34. g5 Rf4 35. gxh6 Bxh6 36. Rg1 Qe6 37. Rg4 Rf5 38. Qh3 e4 39. Rag1 Rf6 40. Rg7+ Kh8 41. Rg8+ Qxg8 42. Rxg8+ Kxg8 43. Ng4 1-0

[Event "Elitserien Allsvenskan 2018-19"]
[Site "Sweden"]
[Date "2019.03.31"]
[Round "9.8"]
[White "Bator, Robert"]
[Black "Schneider, Stefan"]
[Result "0-1"]
[ECO "A28"]
[WhiteElo "2369"]
[BlackElo "2370"]
[Annotator "NA"]
[PlyCount "88"]
[EventDate "2018.11.09"]
[EventType "team-tourn"]
[EventCountry "SWE"]
[SourceTitle "playchess.com"]
[Source "ChessBase"]
[SourceQuality "1"]
[TimeControl "40/5400+30:1800+30"]

1. c4 e5 2. Nc3 Nf6 3. Nf3 Nc6 4. e4 Bb4 5. d3 d6 6. Be2 {[%emt 0:01:54] A28: English Opening: Four Knights Variation} (6. a3 Bc5 7. b4 Bb6 8. Na4 Bd4 9. Nxd4 Nxd4 10. Nc3 c6 11. Ne2 Ne6 12. g3 d5 13. exd5 cxd5 {½-½ (41) Pantsulaia,L (2589)-Bareev,E (2666) Batumi 2018}) 6... h6 7. O-O O-O 8. Ne1 Nd4 9. a3 $146 ({Predecessor:} 9. Nc2 Nxc2 10. Qxc2 c6 11. f4 Bc5+ 12. Kh1 exf4 13. Bxf4 Ng4 14. Bxg4 Bxg4 {½-½ (46) Roktim,B (2352)-Das,A (2299) Calicut 2003}) 9... Bxc3 10. bxc3 Nxe2+ 11. Qxe2 Nh7 12. Rb1 b6 13. Nc2 f5 14. exf5 Bxf5 15. Ne3 Be6 16. d4 Qf6 17. Bb2 Ng5 18. Nd5 Bxd5 19. cxd5 {[%emt 0:03:18] [#]} e4 $11 (19... Qg6 $1 $19 20. Qe3 Nf3+ 21. Kh1 exd4 22. cxd4 Rae8) 20. Bc1 Rae8 21. Bxg5 Qxg5 22. c4 e3 23. fxe3 Qxe3+ 24. Qxe3 Rxe3 25. Rfc1 Rxa3 26. c5 Ra2 27. Rb3 Rd2 28. Re3 Rff2 29. Rg3 Rf7 30. cxd6 cxd6 31. Rg6 Rd7 32. Rc6 Rxd4 33. Rcxd6 Rxd5 34. Rc6 Rd1+ 35. Kf2 Kh7 36. h4 b5 37. h5 b4 38. Rc8 Rd8 39. Rc4 R1d4 40. Rc5 R4d5 41. Rc4 Rxh5 42. Ra6 Rd2+ 43. Ke3 Rxg2 44. Rxb4 Rh3+ {[%emt 0:02:27] Kd3} 0-1

[Event "Elitserien Allsvenskan 2018-19"]
[Site "Sweden"]
[Date "2019.03.31"]
[Round "9.8"]
[White "Malesevic, Nedeljko"]
[Black "Arman, Deniz"]
[Result "0-1"]
[ECO "D91"]
[WhiteElo "2252"]
[BlackElo "2346"]
[Annotator "NA"]
[PlyCount "82"]
[EventDate "2018.11.09"]
[EventType "team-tourn"]
[EventCountry "SWE"]
[SourceTitle "playchess.com"]
[Source "ChessBase"]
[SourceQuality "1"]
[TimeControl "40/5400+30:1800+30"]

1. d4 Nf6 2. c4 g6 3. Nc3 d5 4. Nf3 Bg7 5. Bg5 c5 6. Bxf6 Bxf6 7. Nxd5 Bg7 $1 8. e3 Nc6 9. Be2 e6 10. Nc3 cxd4 11. exd4 Nxd4 12. Nxd4 Bxd4 13. Qb3 Qb6 14. O-O Bd7 15. Nb5 $15 Bxb5 16. cxb5 O-O 17. Rad1 Rac8 18. h4 h5 19. Rd3 Rfd8 20. Rg3 Rd5 21. Bc4 Rxc4 22. Qxc4 Bxf2+ 23. Rxf2 Rd1+ 24. Qf1 Rxf1+ 25. Kxf1 Qxb5+ 26. Kg1 Qc4 27. Rc3 Qd5 28. Rcf3 e5 29. b3 e4 30. Re3 f5 31. g3 Qd4 32. Re1 Qc3 33. Ree2 Qxg3+ 34. Rg2 Qd6 35. Rd2 Qb6+ 36. Kh1 e3 37. Rd7 Qc6 38. Rd1 f4 39. Rdg1 Kf7 40. Kh2 f3 41. Rf1 Qe4 0-1

[Event "Elitserien Allsvenskan 2018-19"]
[Site "Sweden"]
[Date "2019.03.31"]
[Round "9.8"]
[White "Ottenklev, Niklas"]
[Black "Jaderberg, Bjorn"]
[Result "0-1"]
[ECO "C00"]
[WhiteElo "2154"]
[BlackElo "2140"]
[Annotator "NA"]
[PlyCount "66"]
[EventDate "2018.11.09"]
[EventType "team-tourn"]
[EventCountry "SWE"]
[SourceTitle "playchess.com"]
[Source "ChessBase"]
[SourceQuality "1"]
[TimeControl "40/5400+30:1800+30"]

1. e4 e6 2. b3 b6 3. Bb2 Bb7 4. Nc3 Nf6 5. e5 Nd5 6. Nxd5 exd5 7. Nf3 Nc6 8. g3 Be7 9. Bg2 O-O 10. O-O d6 11. exd6 Qxd6 12. d4 Rad8 13. Ne5 Bf6 14. Re1 Ne7 15. Qd3 Bc8 16. a4 c6 17. Ba3 c5 18. Qc3 Ng6 19. dxc5 Bxe5 20. Rxe5 Qxe5 21. Qxe5 Nxe5 22. cxb6 Rfe8 23. bxa7 Be6 24. Bc5 Rc8 25. b4 Nc4 26. c3 h5 27. Bd4 Re7 28. b5 Rb7 29. Rb1 Ra8 30. b6 Raxa7 31. bxa7 Rxb1+ 32. Bf1 Bh3 33. a8=Q+ Kh7 0-1